 Dungeon Crawl Stone Soup version 0.28.0-47-ge53b351184 (webtiles) character file.

Game seed: 2386986259967355844

956 Kenran the Grappler (level 7, 0/63 HPs)
             Began as a Minotaur Brigand on May 1, 2022.
             Was an Initiate of Gozag.
             Killed from afar by a steam dragon (9 damage)
             ... with a ball of steam
             ... on level 5 of the Dungeon.
             The game lasted 00:08:47 (4355 turns).

Kenran the Grappler (Minotaur Brigand)              Turns: 4355, Time: 00:08:47

Health: 0/63       AC:  7    Str: 18    XL:     7   Next: 91%
Magic:  6/6        EV: 10    Int:  8    God:    Gozag
Gold:   567        SH:  0    Dex: 11    Spells: 6/6 levels left

rFire   . . .      SeeInvis .     - Unarmed
rCold   . . .      Faith    .   (no shield)
rNeg    . . .      Spirit   .   s - +0 scale mail
rPois   .          Reflect  .   (helmet restricted)
rElec   .          Harm     .   c - +0 cloak
rCorr   +          Rampage  .   (no gloves)
Will    .....                   (no boots)
Stlth   +.........              (no amulet)
HPRegen 0.20/turn               n - ring of resist corrosion
MPRegen 0.10/turn               (no ring)

@: mighty
A: horns 2, retaliatory headbutt
a: Renounce Religion, Potion Petition, Call Merchant, Bribe Branch


You were on level 5 of the Dungeon.
You worshipped Gozag.
Gozag was pleased with you.
You visited 1 branch of the dungeon, and saw 5 of its levels.

You collected 581 gold pieces.
You paid 14 gold pieces to Gozag.

Inventory:

Missiles
 d - 16 poisoned darts (quivered)
 p - 3 atropa-tipped darts
 q - a throwing net
 u - 2 curare-tipped darts
Armour
 c - a +0 cloak (worn)
 s - a +0 scale mail (worn)
Jewellery
 n - a ring of resist corrosion (left hand)
Wands
 e - a wand of flame (13)
 w - a wand of polymorph (3)
Scrolls
 h - 2 scrolls of enchant armour
 i - 2 scrolls of fog
 j - 4 scrolls of teleportation
 k - a scroll of torment {unknown}
 l - a scroll of blinking {unknown}
 t - a scroll of noise {unknown}
 v - a scroll of identify {@r1}
Potions
 a - a potion of degeneration {unknown}
 b - a potion of flight {unknown}
 f - a potion of mutation {!q}
 g - a potion of might
 m - 5 potions of brilliance {unknown}
 o - a potion of cancellation {unknown}
 r - a potion of attraction {unknown}


   Skills:
 - Level 6.0 Fighting
 - Level 2.1 Short Blades
 - Level 2.0 Throwing
 - Level 2.0 Armour
 - Level 2.0 Dodging
 - Level 3.2 Stealth
 + Level 8.0 Unarmed Combat


You had 6 spell levels left.
You didn't know any spells.
Your spell library contained the following spells:

 Spells                   Type           Power      Damage    Failure   Level
 Animate Skeleton         Necr           0%         N/A       80%         1
 Pain                     Necr           0%         1d4       80%         1
 Sandblast                Erth           0%         2d4       80%         1
 Blink                    Tloc           0%         N/A       91%         2
 Passwall                 Tmut/Erth      0%         N/A       91%         2
 Stone Arrow              Conj/Erth      0%         3d7       99%         3
 Vampiric Draining        Necr           0%         2d6       99%         3
 Freezing Cloud           Conj/Ice/Air   0%         6-21      100%        5
 Manifold Assault         Tloc           0%         N/A       100%        5
 Simulacrum               Ice/Necr       0%         N/A       100%        6
 Storm Form               Tmut/Air       0%         N/A       100%        7
 Polar Vortex             Ice            0%         N/A       100%        9


Dungeon Overview and Level Annotations

Branches:
Dungeon (5/15)
 Temple: D:4-7

Altars:
Gozag

Shops:
D:1 =


Innate Abilities, Weirdness & Mutations

You have a pair of horns on your head.
You reflexively headbutt those who attack you in melee.


Message History

Unknown command.
Throw: 4 darts (atropa)
Press: ? - help, Shift-Dir - straight line, f - steam dragon
Aim: a steam dragon (60% to hit, chance to blind on hit: 72%)
You throw an atropa-tipped dart.
The atropa-tipped dart hits the steam dragon.
The steam dragon appears confused.
The steam dragon barely misses you. The steam dragon misses you.
You hit the steam dragon.
The steam dragon is moderately wounded.
The steam dragon breathes steam at you. The ball of steam hits you!
The steam dragon is no longer blind.
The steam dragon breathes steam at you. The ball of steam hits you.
You hit the steam dragon but do no damage.
The steam dragon is moderately wounded.
You are engulfed in a cloud of scalding steam.
You hit the steam dragon.
The steam dragon is moderately wounded.
You are engulfed in a cloud of scalding steam.
The steam dragon bites you! The steam dragon barely misses you.
You hit the steam dragon but do no damage.
The steam dragon is moderately wounded.
You are engulfed in a cloud of scalding steam.
The steam dragon bites you. The steam dragon claws you.
* * * LOW HITPOINT WARNING * * *
The steam dragon bites you.
* * * LOW HITPOINT WARNING * * *
The steam dragon claws you but does no damage.
It was a potion of mutation.
You feel extremely strange.
You feel resistant to heat.
You no longer feel heat resistant.
The steam dragon bites you but does no damage.
The steam dragon barely misses you.
It was a potion of might.
You feel very mighty all of a sudden. The steam dragon breathes steam at you.
The ball of steam hits you!
You die...
Your body crumbles into a pile of gold.

##..... ##### #...#.. ....#
##...... ###.####### #..#.)..
##...##...################.......
#.......................##.......
#....##...#.###########.##..#....
#.#.####.##.# ########...........
#.#.........#
#ยง@.......##....#..
s....###.##.###D###.###.###......
#........#..$...# #..(...#.......
#.#.######..###.###.###(.........
..#.######..# #.....####.##.##.##
#.#.........#####.#......#####.##
#.########...# #.#.####.####..##
### #...# #.#.# #..##..... #D....
#.#.# ##.#....###


You could see a steam dragon (catching breath).

Vanquished Creatures
  A water moccasin (D:5)
  An ice beast (D:5)
  2 ogres (D:4)
  A bullfrog (D:5)
  3 scorpions
  A howler monkey (D:5)
  A centaur zombie (D:5)
  2 hounds (D:4)
  An orc priest (D:3)
  Ijyb (D:4)
  4 gnolls
  2 adders
  An ufetubus (D:5)
  An adder zombie (D:3)
  3 adder skeletons
  5 dart slugs
  3 orcs
  8 bats
  7 endoplasms
  15 giant cockroaches
  6 goblins
  5 hobgoblins
  2 quokkas (D:1)
  8 ball pythons
  5 frilled lizards
  A giant cockroach zombie (D:3)
  7 kobolds
  6 rats
103 creatures vanquished.

Notes
Turn   | Place    | Note
-------+----------+-------------------------------------------
     0 | D:1      | Kenran the Minotaur Brigand began the quest for the Orb.
     0 | D:1      | Reached XP level 1. HP: 18/18 MP: 0/0
   169 | D:1      | Reached skill level 1 in Unarmed Combat
   175 | D:1      | Reached XP level 2. HP: 21/25 MP: 1/1
   194 | D:1      | Found Tyuguf's Jewellery Boutique.
   813 | D:1      | Reached skill level 2 in Unarmed Combat
   813 | D:1      | Reached XP level 3. HP: 26/31 MP: 2/2
  1249 | D:2      | Reached skill level 3 in Unarmed Combat
  1249 | D:2      | Reached XP level 4. HP: 25/40 MP: 3/3
  1795 | D:2      | Found an opulent altar of Gozag.
  1802 | D:2      | Became a worshipper of Gozag Ym Sagoz the Greedy
  2312 | D:3      | Reached XP level 5. HP: 46/46 MP: 4/4
  2325 | D:3      | Reached skill level 1 in Armour
  2512 | D:3      | Reached skill level 4 in Unarmed Combat
  2823 | D:4      | Reached XP level 6. HP: 22/53 MP: 5/5
  3209 | D:4      | Reached skill level 5 in Fighting
  3209 | D:4      | Reached skill level 5 in Unarmed Combat
  3647 | D:5      | Entered Level 5 of the Dungeon
  3672 | D:5      | Noticed Ijyb
  3704 | D:4      | Reached skill level 6 in Unarmed Combat
  3704 | D:4      | Reached XP level 7. HP: 61/61 MP: 6/6
  3716 | D:4      | Killed Ijyb
  3891 | D:5      | Reached skill level 7 in Unarmed Combat
  3971 | D:5      | Reached skill level 8 in Unarmed Combat
  4199 | D:5      | Noticed a steam dragon
  4354 | D:5      | Gained mutation: Your flesh is heat resistant. (rF+)
                  | [potion of mutation]
  4354 | D:5      | Lost mutation: Your flesh is heat resistant. (rF+) [potion
                  | of mutation]
  4355 | D:5      | Killed from afar by a steam dragon

Illustrated notes

Levels and vault maps discovered:
D:1:      elethiomel_arrival_shortcut, layout_basic, serial_glass,
          glass_columns_a, glass_columns_c, serial_shops, nicolae_square_shop,
          minmay_misc_feat_columns, minmay_vboxes
D:2:      layout_basic, basic_altar
D:3:      minmay_roachtagon, layout_rooms, serial_undead, serial_undead_c,
          serial_undead_f, serial_undead_b, serial_undead_a
D:4:      layout_basic, kennysheep_generic_room_2
D:5:      layout_loops_ring, grunt_temple_overflow_bloody_war,
          minmay_misc_feat_plants, uniq_ijyb

Skill      XL: |  1  2  3  4  5  6  7 |
---------------+----------------------+-----
Unarmed Combat | 1 2 3 4 6 8 |  8.0
Fighting       | 3 4 5 6 |  6.0
Armour         | 1 2 |  2.0
Dodging        | 2 |  2.0
Short Blades   | |  2.1
Throwing       | |  2.0
Stealth        | |  3.2

Action                   |  1- 3 |  4- 6 |  7- 9 || total
-------------------------+-------+-------+-------++-------
Melee: Dagger            |    74 |   170 |       ||   244
       Headbutt          |    14 |    32 |     7 ||    53
       Punch             |     1 |     4 |     3 ||     8
       Unarmed           |       |    30 |    37 ||    67
Throw: Dart              |       |     1 |     3 ||     4
  Use: Scroll            |       |     3 |       ||     3
       Potion            |       |       |     2 ||     2
 Stab: Sleeping          |     2 |     1 |       ||     3
       Distracted        |       |     1 |       ||     1
Armor: Robe              |    13 |       |       ||    13
       Ring mail         |    11 |    15 |       ||    26
       Scale mail        |       |    54 |     8 ||    62
Dodge: Dodged            |    25 |    95 |    20 ||   140
